 Dungeon Crawl Stone Soup version 0.29-a0-506-ga2e7fffb44 (webtiles) character file.

Game seed: 8360887646822658402

585 Zdeegee the Conjurer (level 7, -4/39 HPs)
             Began as a Tengu Conjurer on May 28, 2022.
             Slain by Edmund
             ... wielding a +2 dire flail of protection
              (8 damage)
             ... on level 4 of the Dungeon.
             The game lasted 00:08:48 (4556 turns).

Zdeegee the Conjurer (Tengu Conjurer)               Turns: 4556, Time: 00:08:48

Health: -4/39      AC:  3    Str:  7    XL:     7   Next: 37%
Magic:  1/14       EV: 15    Int: 21    God:
Gold:   151        SH:  0    Dex: 12    Spells: 6/14 levels left

rFire   . . .      SeeInvis .   b - +1 dagger (elec)
rCold   x . .      Faith    .   (no shield)
rNeg    . . .      Spirit   .   o - +0 robe
rPois   +          Reflect  .   (helmet restricted)
rElec   +          Harm     .   e - +0 cloak of Vehumet's Fury {Rampage rElec rC- Stlth+}
rCorr   .          Rampage  +   (no gloves)
Will    .....                   (boots unavailable)
Stlth   +++.......              (no amulet)
HPRegen 0.13/turn               z - ring of poison resistance
MPRegen 0.14/turn               (no ring)

@: flying quickly and evasively, quick
A: beak, talons 3, nimble flight
a: no special abilities


You were on level 4 of the Dungeon.
You visited 1 branch of the dungeon, and saw 4 of its levels.

You collected 151 gold pieces.

Inventory:

Hand Weapons
 b - a +1 dagger of electrocution (weapon)
 c - a +0 dagger
 f - a +1 dagger of draining
 t - a +0 short sword of draining
 B - a +2 vorpal hand axe
Missiles
 g - 82 stones
 i - a throwing net
Armour
 e - the +0 cloak of Vehumet's Fury (worn) {Rampage rElec rC- Stlth+}
   (You found it on level 2 of the Dungeon)

   rC:        It makes you vulnerable to cold.
   rElec:     It insulates you from electricity.
   Rampage:   It bestows one free step when moving towards enemies.
   Stlth:     It makes you more stealthy.
 o - a +0 robe (worn)
Magical Staves
 a - a staff of conjuration
Jewellery
 z - a ring of poison resistance (left hand)
Wands
 j - a wand of mindburst (11)
 q - a wand of iceblast (12)
 v - a wand of digging (4)
Scrolls
 h - a scroll of teleportation {unknown}
 k - 2 scrolls of immolation
 n - 2 scrolls of enchant armour
 p - a scroll of vulnerability {unknown}
 x - a scroll of fog {unknown}
 y - a scroll of poison {unknown}
 A - 2 scrolls of magic mapping {unknown}
Potions
 d - 4 potions of curing
 l - a potion of berserk rage {unknown}
 m - a potion of lignification {unknown}
 r - a potion of might {unknown}
 s - a potion of heal wounds {unknown}
 u - a potion of cancellation {unknown}
 w - a potion of flight {unknown}
 C - a potion of ambrosia {unknown}
 D - a potion of mutation {unknown}
 E - 3 potions of magic


   Skills:
 * Level 1.9 Fighting
 + Level 0.5 Short Blades
 + Level 0.9 Armour
 * Level 3.1 Dodging
 + Level 3.0 Stealth
 * Level 4.2 Spellcasting
 * Level 7.5 Conjurations
 * Level 2.3 Summonings
 * Level 2.0 Air Magic


You had 6 spell levels left.
You knew the following spells:

 Your Spells              Type           Power      Damage    Failure   Level
a - Magic Dart            Conj           100%       1d8       1%          1
b - Searing Ray           Conj           72%        2d7       1%          2
c - Dazzling Flash        Conj/Hex       40%        N/A       8%          3
d - Call Imp              Summ           14%        N/A       7%          2

Your spell library contained the following spells:

 Spells                   Type           Power      Damage    Failure   Level
 Mephitic Cloud           Conj/Pois/Air  17%        N/A       10%         3
 Fulminant Prism          Conj/Hex       10%        3d9       24%         4
 Iskenderun's Mystic Bla  Conj/Tloc      20%        2d6       24%         4


Dungeon Overview and Level Annotations

Branches:
Dungeon (4/15)
 Temple: D:4-7

Altars:
Cheibriados
Qazlal
Uskayaw
Xom

Annotations:
D:4 Edmund


Innate Abilities, Weirdness & Mutations

You have a beak for a mouth.
You have claws for feet.
Your magical nature lets you fly swiftly and evasively.


Message History

Edmund is severely wounded.
You finish channelling your searing ray.
Edmund says, "People will remember me!
They'll remember me and die!"
Edmund barely misses you.
Edmund hits you with a +2 dire flail of protection.
Casting: Searing Ray (safe; 1% risk of failure)
Confirm with . or Enter, or press ? or * to list all spells.
Aiming: Searing Ray (safe; 1% risk of failure)
Press: ? - help, Shift-Dir - straight line, f/p - Edmund
Aim: Edmund, wielding a +2 dire flail of protection and wearing a +0 scale mail (severely wounded, unusually resistant, 85% to hit)
You feel a surge of power!
The searing ray hits Edmund but does no damage.
Edmund is severely wounded. (Press . to maintain the ray.) Edmund misses you.
The searing ray misses Edmund.
Edmund hits you with a +2 dire flail of protection.
The searing ray hits Edmund!
Edmund is almost dead.
Edmund hits you with a +2 dire flail of protection.
You hear the crackle of electricity.
b - a +1 dagger of electrocution (weapon)
Edmund barely misses you.
You hit Edmund but do no damage. You claw Edmund, but do no damage.
You peck Edmund, but do no damage. You punch Edmund, but do no damage.
Edmund is almost dead.
Edmund barely misses you.
You hit Edmund but do no damage. Your kick misses Edmund.
You peck Edmund, but do no damage.
Edmund is almost dead.
Edmund says, "Everyone always remembers my brother. 'Who's Edmund?' they ask!"
Edmund hits you with a +2 dire flail of protection.
You closely miss Edmund. You claw Edmund, but do no damage.
Edmund is almost dead.
Edmund hits you with a +2 dire flail of protection!
* * * LOW HITPOINT WARNING * * *
You hit Edmund but do no damage. You peck Edmund, but do no damage.
Edmund is almost dead.
Edmund hits you with a +2 dire flail of protection!
You die...

..## #..#..#.#..#.....##
#..##
##...##.##...)....###.
#..####....................
##...#.......####....#.....
.......####### ##...##....
..>....# #..........
.#.....# ##......###.
.......# ##.###...#
..###..# ##@## ...# ###
#### #@## .##.# # .......##
## #.# ## ..#..). #.
.#####.. ###.# ........ #+
......# ####### #


You could see Edmund (resistant).

Vanquished Creatures
  Grinder (D:3)
  The ghost of kyalle the Firebug, an amateur HuFE (D:3)
  A phantom (D:4)
  An orc wizard (D:2)
  6 adders
  7 worms
  4 orcs
  8 ball pythons
  4 endoplasms
  3 giant cockroaches
  3 goblins
  8 hobgoblins
  9 jackals
  3 quokkas
  7 bats
  3 frilled lizards
  13 kobolds
  8 rats
90 creatures vanquished.

Notes
Turn   | Place    | Note
-------+----------+-------------------------------------------
     0 | D:1      | Zdeegee the Tengu Conjurer began the quest for the Orb.
     0 | D:1      | Reached XP level 1. HP: 10/10 MP: 4/4
   180 | D:2      | Reached XP level 2. HP: 3/11 MP: 3/6
   430 | D:2      | Identified the +0 cloak of Vehumet's Fury {Rampage rElec
                  | rC- Stlth+}
   614 | D:2      | Learned a level 2 spell: Searing Ray
   694 | D:1      | Reached XP level 3. HP: 11/14 MP: 1/7
  1019 | D:1      | Found a faded altar of an unknown god.
  1022 | D:1      | Reached skill level 1 in Summonings
  1068 | D:1      | Learned a level 3 spell: Dazzling Flash
  1168 | D:1      | Reached skill level 6 in Conjurations
  1657 | D:2      | Reached XP level 4. HP: 5/24 MP: 0/8
  2182 | D:2      | Reached skill level 1 in Fighting
  2290 | D:2      | Gained mutation: Your magical nature lets you fly swiftly
                  | and evasively. [Tengu growth]
  2290 | D:2      | Reached XP level 5. HP: 29/29 MP: 3/10
  2652 | D:2      | Learned a level 2 spell: Call Imp
  2924 | D:3      | Noticed kyalle's ghost (amateur HuFE)
  2972 | D:3      | Found a runed translucent door.
  3082 | D:3      | Noticed Grinder
  3102 | D:3      | Paralysed by Grinder for 2 turns
  3107 | D:3      | Killed Grinder
  3108 | D:3      | Reached skill level 7 in Conjurations
  3108 | D:3      | Reached skill level 1 in Air Magic
  3108 | D:3      | Reached XP level 6. HP: 34/34 MP: 3/12
  3631 | D:3      | Found a snail-covered altar of Cheibriados.
  3632 | D:3      | Found a shimmering altar of Xom.
  3710 | D:3      | Killed kyalle's ghost
  3711 | D:3      | Reached XP level 7. HP: 39/39 MP: 3/14
  3944 | D:4      | Found a stormy altar of Qazlal.
  4473 | D:4      | Found a hide-covered altar of Uskayaw.
  4536 | D:4      | Noticed Edmund
  4556 | D:4      | Slain by Edmund

Illustrated notes

Levels and vault maps discovered:
D:1:      scummos_arrival_forest, layout_rooms, basic_ecumenical_altar
D:2:      layout_basic, minmay_vboxes
D:3:      layout_basic, gammafunk_temple_overflow_pools,
          hellmonk_ghost_happy_afterlife, minmay_misc_feat_iff,
          corexii_corridor_pit, uniq_grinder
D:4:      layout_layer_cave, mainiacjoe_overflow_six_doors_small,
          mainiacjoe_overflow_small_starburst, minivault_25,
          minmay_misc_feat_encased, uniq_edmund

Skill      XL: |  1  2  3  4  5  6  7 |
---------------+----------------------+-----
Summonings     | 1 2 |  2.3
Conjurations   | 6 7 |  7.5
Fighting       | 1 |  1.9
Spellcasting   | 3 4 |  4.2
Air Magic      | 1 2 |  2.0
Dodging        | 3 |  3.1
Stealth        | 3 |  3.0
Short Blades   | |  0.5
Armour         | |  0.9

Action                   |  1- 3 |  4- 6 |  7- 9 || total
-------------------------+-------+-------+-------++-------
Melee: Dagger            |    24 |    22 |    12 ||    58
       Peck              |     3 |     5 |     4 ||    12
       Kick              |     1 |     8 |     4 ||    13
       Punch             |     1 |       |     1 ||     2
 Cast: Magic Dart        |    62 |    55 |    25 ||   142
       Searing Ray       |     1 |     6 |     5 ||    12
       Call Imp          |       |     6 |     1 ||     7
  Use: Scroll            |       |     3 |     1 ||     4
 Stab: Sleeping          |       |       |     3 ||     3
Armor: Robe              |     8 |     4 |     1 ||    13
Dodge: Dodged            |    28 |    13 |    14 ||    55

Table legend: (Time is in decaauts)
 A = Elapsed time spent in this place.
 B = Non-inter-level travel time spent in this place.
 C = Inter-level travel time spent in this place.
 D = Time resting spent in this place.
 E = Time spent auto-exploring this place.
 F = Levels seen in this place.
 G = Mean time per level.
                   A        B        C        D        E       F      G
               +--------+--------+--------+--------+--------+-----+--------+
         Total |   4424 |   4371 |     53 |    632 |   3124 |   4 | 1106.0 |
       Dungeon |   4424 |   4371 |     53 |    632 |   3124 |   4 | 1106.0 |
               +--------+--------+--------+--------+--------+-----+--------+

Top non-repeatable levels by time:
     D:2: 1528 daAuts
     D:1: 1110 daAuts
     D:3: 1080 daAuts
     D:4: 704 daAuts
